AoeStats
← centsand

MegaRandom

507843103Analyzed
3v3 RM · 14d ago on Sep 19, 2026· 57m 14s· 6 players
Game mode
Random Map
Map size
Normal (6 player)
Population
200
Speed
Normal
Resources
Standard
Victory
Conquest
Starting age
Dark Age
Ending age
Imperial Age
RankedLock teamsTeams togetherTeam positionsShared explorationLock speedFull tech treeHidden civsTurbo modeCheats
Victory
Defeat
🇺🇸 Aztecs · United States
780
+15
🇺🇸 Teutons · United States
770
+15
🇺🇸 Burgundians · United States
719
+18
🇺🇸 Turks · United States
794
-43
🇲🇽 Persians · Mexico
748
-16
🇨🇦 Burgundians · Canada
722
-30
PoisonSoup91
12:15 Feudal Age
10:34 Loom
12:37 Double-Bit Axe
20:20 Castle Age
18:59 Gold Mining
18:54 Horse Collar
20:08 Forging
20:03 Scale Barding Armor
19:50 Fletching
20:24 Man-at-Arms
22:20 Iron Casting
29:28 Fishing Lines
33:10 Long Swordsman
38:33 Imperial Age
38:47 Devotion
39:50 Chemistry
39:11 Ballistics
39:41 Conscription
39:36 Husbandry
39:47 Bloodlines
40:17 Wheelbarrow
39:29 Town Watch
42:16 Hand Cart
44:44 Town Patrol
45:07 Chain Barding Armor
45:48 Blast Furnace
45:45 Cavalier
Beef Loganoff
15:08 Feudal Age
15:28 Horse Collar
17:47 Double-Bit Axe
24:09 Castle Age
22:35 Bloodlines
22:35 Scale Barding Armor
23:03 Forging
23:15 Gold Mining
28:02 Husbandry
30:58 Bow Saw
31:28 Heavy Plow
32:45 Town Watch
35:32 Wheelbarrow
39:49 Imperial Age
40:00 Imperial Age
38:56 Padded Archer Armor
39:12 Stone Mining
43:10 Wheelbarrow
42:37 Town Patrol
43:03 Ballistics
43:02 Loom
44:03 Gold Shaft Mining
44:59 Chain Barding Armor
45:46 Hand Cart
48:03 Elite Janissary
48:54 Artillery
49:34 Conscription
centsand
7:55 Wheelbarrow
10:49 Double-Bit Axe
10:46 Horse Collar
18:41 Feudal Age
17:36 Gold Mining
17:39 Stone Mining
20:01 Hand Cart
19:34 Town Watch
19:52 Heavy Plow
20:12 Bow Saw
20:45 Gold Shaft Mining
20:48 Stone Shaft Mining
20:48 Town Watch
21:19 Caravan
24:51 Castle Age
24:30 Hand Cart
26:49 Crop Rotation
27:08 Town Watch
27:45 Fletching
27:56 Padded Archer Armor
28:08 Forging
28:04 Scale Barding Armor
29:05 Two-Man Saw
29:22 Town Patrol
30:51 Demolition Ship
31:57 Husbandry
31:18 Cavalier
32:47 Light Cavalry
34:07 Murder Holes
34:40 Fervor
35:33 Burgundian Vineyards
41:01 Imperial Age
39:47 Guilds
44:03 Ballistics
44:44 Chemistry
45:31 Conscription
46:33 Treadmill Crane
46:47 Arrowslits
52:13 Sappers
martha5505
10:38 Gold Mining
10:38 Double-Bit Axe
12:14 Wheelbarrow
15:01 Feudal Age
13:18 Loom
16:03 Bow Saw
16:32 Gold Shaft Mining
19:48 Horse Collar
21:40 Hand Cart
24:18 Castle Age
22:22 Heavy Plow
23:12 Scale Barding Armor
24:40 Forging
25:55 Crop Rotation
26:54 Man-at-Arms
29:28 Hand Cart
33:09 Chain Barding Armor
33:25 Iron Casting
33:22 Squires
36:37 Arson
40:36 Imperial Age
39:09 Fortified Wall
39:11 Masonry
39:19 Husbandry
39:31 Burgundian Vineyards
42:01 Architecture
42:37 Blast Furnace
42:13 Plate Barding Armor
41:07 Light Cavalry
45:31 Cavalier
48:14 Chemistry
48:22 Caravan
49:13 Paladin
53:25 Elite Coustillier
54:06 Fletching
54:18 Scale Mail Armor
54:20 Padded Archer Armor
54:26 Stone Mining
56:26 Ballistics
jellycopter229
6:01 Loom
12:04 Feudal Age
12:53 Double-Bit Axe
15:11 Horse Collar
19:59 Castle Age
20:50 Wheelbarrow
21:56 Bow Saw
22:19 Demolition Ship
23:56 Padded Archer Armor
25:42 Heavy Plow
26:09 Scale Mail Armor
27:20 Pikeman
27:46 Gambesons
31:20 Hand Cart
34:37 Imperial Age
33:50 Chain Mail Armor
33:46 Forging
34:21 Squires
35:14 Ballistics
34:35 Treadmill Crane
35:25 Atlatl
36:02 Garland Wars
35:29 Elite Skirmisher
38:06 Iron Casting
37:22 Fletching
38:12 Elite Jaguar Warrior
39:29 Murder Holes
39:45 Fortified Wall
41:52 Capped Ram
43:56 Bodkin Arrow
46:00 Plate Mail Armor
47:46 Crop Rotation
52:14 Blast Furnace
51:15 Bracer
54:08 Spies/Treason
TheMonkNextDoor
12:44 Feudal Age
11:00 Loom
18:24 Castle Age
16:52 Bloodlines
17:23 Horse Collar
19:48 Double-Bit Axe
23:17 Scale Barding Armor
25:37 Pikeman
36:32 Heavy Plow
41:55 Imperial Age
41:07 Fortified Wall
41:12 Bow Saw
41:16 Elite Skirmisher
44:00 Crop Rotation
44:38 Gold Mining
44:38 Stone Mining
44:52 Scale Mail Armor
45:02 Forging
44:58 Elite Teutonic Knight
46:53 Chemistry
56:38 Chain Mail Armor
56:58 Iron Casting
Connection lost

Rejoining the realm…

Still unreachable

The connection could not be restored.

Session expired

The server has moved on; the page needs a fresh start.